 Dungeon Crawl Stone Soup version 0.30-a0-23-ge60ba3568b (webtiles) character file.

Game seed: 6290026635362658025

1705 SensoryNuts the Cleaver (level 9, -5/75 HPs)
             Began as a Hill Orc Fighter on Aug 25, 2022.
             Was an Initiate of Beogh.
             Killed from afar by Maggie (20 damage)
             ... with a bolt of fire
             ... on level 6 of the Dungeon.
             The game lasted 00:06:32 (4664 turns).

SensoryNuts the Cleaver (Hill Orc Fighter)          Turns: 4664, Time: 00:06:32

Health: -5/75      AC: 16    Str: 19    XL:     9   Next: 3%
Magic:  9/9        EV:  2    Int:  8    God:    Beogh [......]
Gold:   159        SH:  5    Dex: 16    Spells: 8/8 levels left

rFire   . . .      SeeInvis .    a - +2 war axe
rCold   . . .      Faith    .    c - +0 buckler
rNeg    . . .      Spirit   .    j - +0 crystal plate armour
rPois   .          Reflect  .    f - -1 hat of the Trombone {Regen+ rCorr Dex+2}
rElec   .          Harm     .    (no cloak)
rCorr   +          Rampage  .    (no gloves)
Will    .....                    (no boots)
Stlth   ..........               (no amulet)
HPRegen 1.02/turn                n - ring of resist corrosion
MPRegen 0.11/turn                (no ring)

@: mesmerised, hasted, very quick
A: no striking features
a: Renounce Religion


You were on level 6 of the Dungeon.
You worshipped Beogh.
Beogh was noncommittal.
You visited 2 branches of the dungeon, and saw 7 of its levels.

You collected 247 gold pieces.
You spent 88 gold pieces at shops.

Inventory:

Hand Weapons
 a - a +2 war axe (weapon)
 d - a +3 spear of venom
Missiles
 o - 2 throwing nets (quivered)
Armour
 b - a +0 scale mail
 c - a +0 buckler (worn)
 f - the -1 hat of the Trombone (worn) {Regen+ rCorr Dex+2}
   (You acquired it on level 1 of the Dungeon)

   Dex:       It affects your dexterity (+2).
   Regen:     It increases your rate of health regeneration.
   rCorr:     It protects you from acid and corrosion.
 j - a +0 crystal plate armour (worn)
Jewellery
 e - a ring of wizardry
 n - a ring of resist corrosion (left hand)
Wands
 k - a wand of iceblast (19)
Scrolls
 l - 3 scrolls of poison
 m - 2 scrolls of teleportation
 p - a scroll of torment
 t - a scroll of identify
 u - a scroll of amnesia {unknown}
Potions
 g - 2 potions of flight
 h - 2 potions of resistance
 i - a potion of mutation
 q - a potion of magic
 r - a potion of brilliance


   Skills:
 + Level 5.8 Fighting
 * Level 11.8 Axes
 + Level 5.8 Armour
 + Level 0.5 Dodging
 + Level 4.8 Shields


You had 8 spell levels left.
You didn't know any spells.
Your spell library contained the following spells:

 Spells                   Type           Power      Damage    Failure   Level
 Slow                     Hex            0%         N/A       100%        1
 Sublimation of Blood     Necr           0%         N/A       100%        2
 Confusing Touch          Hex            0%         N/A       100%        3
 Vampiric Draining        Necr           0%         2d6       100%        3
 Passage of Golubria      Tloc           0%         N/A       100%        4
 Petrify                  Tmut/Erth      0%         N/A       100%        4
 Irradiate                Conj/Tmut      0%         3d11      100%        5
 Silence                  Hex/Air        0%         N/A       100%        5
 Lehudib's Crystal Spear  Conj/Erth      0%         10d2      100%        8


Dungeon Overview and Level Annotations

Branches:
Dungeon (6/15)             Temple (1/1) D:5

Altars:
Cheibriados
Dithmenos
Elyvilon
Fedhas
Gozag
Kikubaaqudgha
Makhleb
Nemelex Xobeh
Okawaru
Ru
Sif Muna
Uskayaw
Vehumet
Wu Jian

Shops:
D:3 !

Annotations:
D:6 Maggie


Message History

You barely miss Maggie.
Maggie is lightly wounded.
Maggie hits you with a +1 vorpal war axe!
You are too injured to fight recklessly!
You are too injured to fight recklessly!
You are too injured to fight recklessly!
You are too injured to fight recklessly!
You are too injured to fight recklessly!
You are too injured to fight recklessly!
You are too injured to fight recklessly!
You are too injured to fight recklessly!
You are too injured to fight recklessly!
You are too injured to fight recklessly!
You are too injured to fight recklessly!
You are too injured to fight recklessly!
You are too injured to fight recklessly!
You are too injured to fight recklessly!
You are too injured to fight recklessly!
You are too injured to fight recklessly!
You are too injured to fight recklessly!
You are too injured to fight recklessly!
You slice Maggie!!
Maggie is moderately wounded.
Maggie hits you but does no damage.
You slash Maggie!
Maggie is severely wounded.
Maggie hits you with a +1 vorpal war axe.
You slash Maggie!
Maggie is almost dead.
Maggie hits you with a +1 vorpal war axe!
You closely miss Maggie.
Maggie is almost dead.
Maggie hits you with a +1 vorpal war axe!
* * * LOW HITPOINT WARNING * * *
x2 You feel yourself speed up.
You block Maggie's attack.
You hit Maggie but do no damage.
Maggie is almost dead.
Maggie gestures at you while chanting. The bolt of fire hits you!!
You die...

#####....#.####
#....#....#
..##
#....#....# ...
#.......###
..### #######.#
....
#.#####..###
#...#......#
###.##8@.8#
#...@..#
########


You could see Maggie (mesmerising).

Vanquished Creatures
  Grinder (D:3)
  Sigmund (D:3)
  Eustachio (D:5)
  A water moccasin (D:5)
  A black bear (D:6)
  2 centaurs
  A phantom (D:4)
  A necrophage (D:4)
  3 scorpions
  2 jellies (D:6)
  An orc priest (D:6)
  5 hounds
  An orc wizard (D:5)
  An iguana (D:5)
  5 adders
  11 gnolls
  A white imp (D:6)
  2 worms
  3 dart slugs (D:3)
  12 orcs
  2 endoplasms
  11 giant cockroaches
  8 goblins
  A hobgoblin (D:2)
  6 jackals
  A quokka (D:3)
  7 ball pythons
  2 bats (D:2)
  2 frilled lizards
  5 kobolds
  2 rats
103 creatures vanquished.

Vanquished Creatures (others)
  An orc (D:5)
1 creature vanquished.

Grand Total: 104 creatures vanquished

Notes
Turn   | Place    | Note
-------+----------+-------------------------------------------
     0 | D:1      | SensoryNuts the Hill Orc Fighter began the quest for the
                  | Orb.
     0 | D:1      | Reached XP level 1. HP: 19/19 MP: 1/1
   328 | D:1      | Reached XP level 2. HP: 27/27 MP: 2/2
   373 | D:1      | Reached skill level 3 in Axes
   499 | D:1      | Identified a scroll of acquirement
   499 | D:1      | Acquired the -1 hat of the Trombone {Regen+ rCorr Dex+2}
   812 | D:2      | Reached XP level 3. HP: 31/33 MP: 3/3
   995 | D:2      | Reached skill level 4 in Axes
  1233 | D:2      | Reached XP level 4. HP: 39/40 MP: 4/4
  1516 | D:3      | Noticed Sigmund
  1523 | D:3      | Killed Sigmund
  1524 | D:3      | Reached skill level 6 in Axes
  1524 | D:3      | Reached XP level 5. HP: 40/47 MP: 5/5
  1524 | D:3      | Reached XP level 6. HP: 45/53 MP: 6/6
  1588 | D:3      | Found Plog's Distillery.
  1597 | D:3      | Bought a potion of mutation for 88 gold pieces
  1614 | D:3      | Noticed Grinder
  1632 | D:3      | Paralysed by Grinder for 3 turns
  1638 | D:3      | Paralysed by Grinder for 2 turns
  1642 | D:3      | Killed Grinder
  1643 | D:3      | Reached skill level 7 in Axes
  1643 | D:3      | Reached XP level 7. HP: 60/60 MP: 7/7
  2338 | D:4      | Reached skill level 8 in Axes
  2509 | D:4      | Found a hide-covered altar of Uskayaw.
  2563 | D:4      | Reached skill level 5 in Fighting
  2563 | D:4      | Reached skill level 9 in Axes
  2677 | D:4      | Found an iron altar of Okawaru.
  3001 | D:5      | Entered Level 5 of the Dungeon
  3075 | D:5      | Reached skill level 5 in Armour
  3075 | D:5      | Reached XP level 8. HP: 47/68 MP: 8/8
  3223 | D:5      | Reached skill level 10 in Axes
  3238 | D:5      | Noticed Eustachio
  3250 | D:5      | Found a staircase to the Ecumenical Temple.
  3254 | D:5      | Killed Eustachio
  3333 | Temple   | Entered the Ecumenical Temple
  3457 | D:5      | Became a worshipper of Beogh the Brigand
  3730 | D:6      | Found a blossoming altar of Fedhas.
  4273 | D:6      | Reached skill level 11 in Axes
  4616 | D:6      | Reached XP level 9. HP: 75/75 MP: 9/9
  4651 | D:6      | Noticed Maggie
  4664 | D:6      | Killed from afar by Maggie

Illustrated notes

Levels and vault maps discovered:
D:1:      wander_arrival_fairy_ring, layout_rooms, corexii_hall_statues_x,
          solitary_fountain
D:2:      wad_pebble_path, layout_loops_ring
D:3:      minmay_roachtagon, layout_loops_ring, serial_shops, shop,
          chequers_serial_rivers_micro_e, kennysheep_another_room, uniq_sigmund,
          uniq_grinder
D:4:      layout_loops_ring, nicolae_uskayaw_dance_hall,
          okawaru_ov_weapons_minmay, serial_bayou_pond_e,
          kennysheep_generic_room_3
D:5:      layout_loops_ring, temple_pool_b, serial_glass, glass_columns_a,
          glass_columns_a, kennysheep_windowed_goal, uniq_eustachio
D:6:      layout_gridville, fedhas_bush_and_centaur_altar, minitemple,
          uniq_edmund, uniq_crazy_yiuf_cottage, uniq_maggie
Temple:   jpeg_temple_clearing

Skill      XL: |  1  2  3  4  5  6  7  8 |
---------------+-------------------------+-----
Axes           | 3 4 6 7 9 11 | 11.8
Fighting       | 4 5 |  5.8
Armour         | 4 5 |  5.8
Shields        | 4 |  4.8
Dodging        | |  0.5

Action                   |  1- 3 |  4- 6 |  7- 9 || total
-------------------------+-------+-------+-------++-------
Melee: War axe           |    81 |    53 |   220 ||   354
Invok: Convert to Beogh  |       |       |     1 ||     1
  Use: Potion            |     5 |     3 |     2 ||    10
       Scroll            |     5 |     1 |     5 ||    11
Armor: Scale mail        |    35 |       |       ||    35
       Crystal plate arm |     3 |    44 |   165 ||   212
Dodge: Dodged            |    25 |     6 |    14 ||    45
Block: Buckler           |    16 |    16 |    43 ||    75

Table legend: (Time is in decaauts)
 A = Elapsed time spent in this place.
 B = Non-inter-level travel time spent in this place.
 C = Inter-level travel time spent in this place.
 D = Time resting spent in this place.
 E = Time spent auto-exploring this place.
 F = Levels seen in this place.
 G = Mean time per level.
                   A        B        C        D        E       F      G
               +--------+--------+--------+--------+--------+-----+--------+
         Total |   4725 |   4525 |    200 |    658 |   2983 |   7 |  675.0 |
       Dungeon |   4631 |   4431 |    200 |    658 |   2922 |   6 |  771.8 |
        Temple |     94 |     94 |      0 |      0 |     61 |   1 |   94.0 |
               +--------+--------+--------+--------+--------+-----+--------+

Top non-repeatable levels by time:
     D:5: 1138 daAuts
     D:3: 897 daAuts
     D:1: 744 daAuts
     D:2: 717 daAuts
     D:4: 699 daAuts
     D:6: 434 daAuts
  Temple: 94 daAuts
